 Dungeon Crawl Stone Soup version 0.28.0-43-g3370ac3207 (webtiles) character file.

Game seed: 6424670787723524561

32 nickcage the Cudgeller (level 3, -5/31 HPs)
             Began as a Draconian Cinder Acolyte on Mar 8, 2022.
             Was a High Priest of Ignis.
             Slain by Natasha (8 damage)
             ... on level 2 of the Dungeon.
             The game lasted 00:01:53 (1099 turns).

nickcage the Cudgeller (Draconian Cinder Acolyte)   Turns: 1099, Time: 00:01:53

Health: -5/31      AC:  5    Str: 18    XL:     3   Next: 10%
Magic:  4/4        EV: 11    Int: 14    God:    Ignis [*****.]
Gold:   34         SH:  0    Dex:  6    Spells: 4/4 levels left

rFire   + . .      SeeInvis .   a - -1 mace (flame)
rCold   . . .      Faith    .   (no shield)
rNeg    . . .      Spirit   .   (armour unavailable)
rPois   .          Reflect  .   (helmet restricted)
rElec   .          Harm     .   (no cloak)
rCorr   .          Rampage  .   (no gloves)
Will    .....                   (no boots)
Stlth   +.........              (no amulet)
HPRegen 0.10/turn               (no ring)
MPRegen 0.09/turn               (no ring)

@: no status effects
A: AC +5, unfitting armour, cold-blooded
a: Renounce Religion, Fiery Armour, Foxfire Swarm, Rising Flame


You were on level 2 of the Dungeon.
You worshipped Ignis.
Ignis was extremely pleased with you.
You visited 1 branch of the dungeon, and saw 2 of its levels.

You collected 34 gold pieces.

Inventory:

Hand Weapons
 a - a -1 mace of flaming (weapon)
Scrolls
 b - a scroll of fear {unknown}
 c - a scroll of noise {unknown}
Potions
 d - a potion of lignification {unknown}


   Skills:
 - Level 3.2 Fighting
 + Level 4.3 Maces & Flails
 - Level 1.0 Spellcasting
 - Level 3.0 Fire Magic


You had 4 spell levels left.
You didn't know any spells.
Your spell library contained the following spells:

 Spells                   Type           Power      Damage    Failure   Level
 Scorch                   Fire           18%        2d6       12%         2


Dungeon Overview and Level Annotations

Branches:
Dungeon (2/15)

Altars:

Annotations:
D:2 Natasha


Innate Abilities, Weirdness & Mutations

Your plain brown scales are hard. (AC +5)
You cannot fit into any form of body armour.
You are cold-blooded and may be slowed by cold attacks.


Message History

You hit the quokka. You burn the quokka.
You kill the quokka!
Natasha barely misses you.
You hit Natasha but do no damage. Natasha claws you!
You barely miss Natasha.
Your tail-slap misses Natasha.
The crimson imp blinks!
Natasha casts a spell at you. The magic dart hits you.
You barely miss Natasha. Natasha claws you but does no damage.
You barely miss Natasha. Natasha misses you.
You barely miss Natasha.
Natasha casts a spell.
Natasha barely misses you.
You barely miss Natasha. Natasha claws you but does no damage.
You barely miss Natasha. Natasha closely misses you.
You closely miss Natasha.
Natasha extends her claws.
Natasha stares at you and mumbles some strange words.
The magic dart hits you!
* * * LOW HITPOINT WARNING * * *
You hit Natasha. You burn Natasha.
Your tail-slap misses Natasha.
Natasha is moderately wounded.
Natasha closely misses you.
You hit Natasha but do no damage.
Natasha is moderately wounded.
Natasha casts a spell at you. The magic dart hits you.
* * * LOW HITPOINT WARNING * * *
The crimson imp blinks!
Natasha completely misses you.
You barely miss Natasha.
Natasha is moderately wounded.
The crimson imp blinks!
Natasha claws you.
* * * LOW HITPOINT WARNING * * *
The crimson imp grins evilly.
You completely miss Natasha.
Natasha is moderately wounded.
Natasha closely misses you.
You barely miss Natasha.
Natasha is moderately wounded.
Natasha claws you!
You die...

..# ..... .. ... ## . ...
#. .#..# #.###.# #.#..#
#......############5#h..###
#...........@hg#.......
###.#######.##5.....# #<#
#..#..?.### #.# ##....###
#.# #..### #.# #... #.#
##... #.# #.### #)# #..


You could see Natasha, a crimson imp (summoned), a shadow imp (summoned) and a
goblin.

Vanquished Creatures
  A dart slug (D:1)
  An endoplasm (D:2)
  2 giant cockroaches (D:1)
  5 goblins (D:1)
  3 hobgoblins (D:1)
  A jackal (D:2)
  A quokka (D:2)
  2 ball pythons (D:1)
  2 bats (D:1)
  4 frilled lizards
  3 kobolds (D:1)
  4 rats (D:1)
29 creatures vanquished.

Notes
Turn   | Place    | Note
-------+----------+-------------------------------------------
     0 | D:1      | nickcage the Draconian Cinder Acolyte began the quest for
                  | the Orb.
     0 | D:1      | Reached XP level 1. HP: 19/19 MP: 2/2
   236 | D:1      | Reached XP level 2. HP: 22/26 MP: 3/3
   575 | D:1      | Reached skill level 4 in Maces & Flails
  1026 | D:2      | Reached XP level 3. HP: 26/31 MP: 4/4
  1077 | D:2      | Noticed Natasha
  1099 | D:2      | Slain by Natasha

Illustrated notes

Levels and vault maps discovered:
D:1:      minmay_arrival_semitransparent, layout_loops_ring, nrook_mini_vaults,
          hangedman_decor_clover_reticule, roderic_cross_of_infinity
D:2:      layout_loops_ring, hellmonk_ecumenical_altar_defaced_shrine,
          minivault_4, minmay_unequal, uniq_jessica, uniq_natasha

Skill      XL: |  1  2 |
---------------+-------+-----
Maces & Flails | 4 |  4.3
Fighting       | |  3.2
Spellcasting   | |  1.0
Fire Magic     | |  3.0

Action                   || total
-------------------------++-------
Melee: Mace              ||    89
       Tailslap          ||     3
Armor: Skin              ||    19
Dodge: Dodged            ||    55
